 Dungeon Crawl Stone Soup version 0.28-a0-863-g8cecda6153 (webtiles) character file.

Game seed: 12986438445474779754

563 ytrimaz the Chopper (level 7, -8/53 HPs)
             Began as a Demonspawn Fighter on Nov 16, 2021.
             Was an Initiate of Okawaru.
             Mangled by an orc warrior (13 damage)
             ... on level 4 of the Dungeon.
             The game lasted 00:05:43 (4797 turns).

ytrimaz the Chopper (Demonspawn Fighter)            Turns: 4797, Time: 00:05:44

Health: -8/53      AC:  8    Str: 19    XL:     7   Next: 10%
Magic:  7/7        EV:  9    Int:  9    God:    Okawaru [......]
Gold:   174        SH:  9    Dex: 12    Spells: 6/6 levels left

rFire   . . .      SeeInvis .   a - +1 war axe
rCold   . . .      Faith    .   c - +0 buckler
rNeg    + . .      Spirit   .   b - +0 scale mail
rPois   .          Reflect  .   (helmet restricted)
rElec   .          Harm     .   (no cloak)
rCorr   +          Rampage  .   (no gloves)
Will    +....                   k - +0 pair of boots
Stlth   ..........              (no amulet)
HPRegen 0.17/turn               e - ring of flight
MPRegen 0.10/turn               l - ring of Suicidal Tendencies {rN+ Will+ rCorr}

@: mighty, flying
A: horns 2, large bone plates 1
a: Renounce Religion


You were on level 4 of the Dungeon.
You worshipped Okawaru.
Okawaru was noncommittal.
You visited 2 branches of the dungeon, and saw 5 of its levels.

You collected 174 gold pieces.

Inventory:

Hand Weapons
 a - a +1 war axe (weapon)
Missiles
 i - 18 poisoned darts (quivered)
 n - 2 javelins
Armour
 b - a +0 scale mail (worn)
 c - a +0 buckler (worn)
 g - a +0 tower shield
 k - a +0 pair of boots (worn)
Jewellery
 e - a ring of flight (left hand)
 l - the ring of Suicidal Tendencies (right hand) {rN+ Will+ rCorr}
   (You found it on level 4 of the Dungeon)

   [ring of willpower]

   rN:        It protects you from negative energy.
   rCorr:     It protects you from acid and corrosion.
   Will:      It increases your willpower.
Wands
 h - a wand of flame (13)
Scrolls
 m - a scroll of silence {unknown}
 o - 2 scrolls of identify {unknown}
Potions
 f - a potion of invisibility {unknown}
 j - a potion of cancellation {unknown}
 p - a potion of flight {unknown}


   Skills:
 + Level 3.9 Fighting
 + Level 5.0 Axes
 + Level 4.0 Armour
 * Level 4.3 Shields


You had 6 spell levels left.
You didn't know any spells.
Your spell library contained the following spells:

 Spells                   Type           Power      Damage    Failure   Level
 Magic Dart               Conj           0%         1d3       75%         1
 Pain                     Necr           0%         1d4       75%         1
 Searing Ray              Conj           0%         2d4       87%         2
 Sublimation of Blood     Necr           0%         N/A       87%         2
 Wereblood                Tmut           0%         N/A       87%         2
 Gell's Gravitas          Tloc           0%         N/A       98%         3
 Teleport Other           Tloc           0%         N/A       98%         3
 Vampiric Draining        Necr           0%         2d6       98%         3
 Fulminant Prism          Conj/Hex       0%         3d6       100%        4
 Dispersal                Tloc           0%         N/A       100%        6
 Animate Skeleton         Necr           Unusable   N/A       N/A         1
 Summon Hydra             Summ           Unusable   N/A       N/A         7

Dungeon Overview and Level Annotations

Branches:
Dungeon (4/15)             Temple (1/1) D:4

Altars:
Ashenzari
Cheibriados
Dithmenos
Elyvilon
Fedhas
Gozag
Hepliaklqana
Kikubaaqudgha
Makhleb
Nemelex Xobeh
Okawaru
Qazlal
Trog
Vehumet
Wu Jian
Xom
Yredelemnul
Zin
The Shining One


Innate Abilities, Weirdness & Mutations

You have a pair of horns on your head.
You are partially covered in large bone plates. (SH +4)


Message History

You have reached level 7!
Found 19 stones.
There is a stone staircase leading down here.
There is a stone staircase leading up here.
An iguana comes into view.
The iguana hisses angrily.
An iguana is nearby!
An iguana is nearby!
The orc warrior shouts!
The orc priest shouts!
The iguana misses you.
You hit the iguana but do no damage. You headbutt the iguana!
The iguana is heavily wounded.
The iguana bites you!
The orc wizard shouts!
You hit the iguana but do no damage. You headbutt the iguana!
You kill the iguana!
Okawaru accepts your kill.
You hear a shout!
You block the orc warrior's attack.
Your Axes skill increases to level 5!
Your Armour skill increases to level 4!
The orc wizard casts a spell.
The orc wizard flickers and vanishes!
Deactivating autopickup; reactivate with Ctrl-A.
You feel very mighty all of a sudden.
The orc priest mumbles some strange prayers to Beogh against you.
Beogh smites you!
The orc warrior hits you from afar with a +0 halberd!
The orc warrior hits you but does no damage.
You closely miss the orc warrior. The orc warrior barely misses you.
You barely miss the orc priest. You slash the orc warrior!
The orc warrior hits you with a +0 halberd.
The orc priest calls down the wrath of Beogh upon you.
Beogh smites you!
* * * LOW HITPOINT WARNING * * *
You block the orc warrior's attack.
Unknown command.
The orc priest barely misses you.
The orc warrior hits you with a +0 halberd!
You die...

#.......## ##... #.
#.####..# #....
#.###. #.## ##....
#..... #.# #.....
..#.## ##.# #._...
#...# #..# #....#
#...# #..## ##...#
#..o####...# #...#
#..@o....#.## ##..#
#..o#{..#...# ##...
#...###.#...##..#.#.
##### #...........##
###........o..
#......####.
#......# #. #...^..#
#. ######## ##


You could see an orc warrior, an orc priest and an orc.

Vanquished Creatures
  Grinder (D:3)
  A necrophage (D:4)
  A scorpion (D:4)
  A hound (D:4)
  An iguana (D:4)
  An orc wizard (D:2)
  3 gnolls (D:3)
  3 adders
  A white imp (D:3)
  An ufetubus (D:4)
  An adder skeleton (D:2)
  2 adder zombies (D:2)
  A worm (D:2)
  3 dart slugs
  4 orcs
  3 ball pythons
  A bat skeleton (D:2)
  2 bat zombies (D:2)
  4 endoplasms
  4 giant cockroaches
  6 goblins
  4 hobgoblins
  2 jackals (D:2)
  7 kobolds
  2 quokkas
  3 ball python skeletons (D:2)
  2 bats
  2 frilled lizards
  A quokka skeleton (D:2)
  3 rats
71 creatures vanquished.

Vanquished Creatures (others)
  3 withered plants (D:2)
3 creatures vanquished.

Grand Total: 74 creatures vanquished

Notes
Turn   | Place    | Note
-------+----------+-------------------------------------------
     0 | D:1      | ytrimaz the Demonspawn Fighter began the quest for the Orb.
     0 | D:1      | Reached XP level 1. HP: 18/18 MP: 1/1
   204 | D:1      | Reached skill level 2 in Axes
   315 | D:1      | Gained mutation: You have a pair of small horns on your
                  | head. [demonic ancestry]
   315 | D:1      | Reached XP level 2. HP: 24/24 MP: 2/2
  1086 | D:2      | Gained mutation: You have a pair of horns on your head.
                  | [demonic ancestry]
  1086 | D:2      | Reached XP level 3. HP: 26/29 MP: 3/3
  1851 | D:3      | Reached skill level 3 in Axes
  1851 | D:3      | Gained mutation: You are partially covered in large bone
                  | plates. (SH +4) [demonic ancestry]
  1851 | D:3      | Reached XP level 4. HP: 32/35 MP: 4/4
  2443 | D:3      | Reached XP level 5. HP: 25/41 MP: 5/5
  2914 | D:3      | Noticed Grinder
  2922 | D:3      | Paralysed by Grinder for 3 turns
  2952 | D:3      | Killed Grinder
  2953 | D:3      | Reached skill level 4 in Axes
  2953 | D:3      | Reached XP level 6. HP: 21/48 MP: 6/6
  3295 | D:4      | Found a shadowy altar of Dithmenos.
  3336 | D:4      | Identified the ring of Suicidal Tendencies {rN+ Will+
                  | rCorr}
  3345 | D:4      | Found a hazy altar of Hepliaklqana.
  3404 | D:4      | Found an ancient bone altar of Kikubaaqudgha.
  3457 | D:4      | Noticed an orc warrior
  4451 | D:4      | Found a staircase to the Ecumenical Temple.
  4472 | Temple   | Entered the Ecumenical Temple
  4706 | Temple   | Became a worshipper of Warmaster Okawaru
  4740 | D:4      | Reached XP level 7. HP: 53/53 MP: 7/7
  4782 | D:4      | Reached skill level 5 in Axes
  4797 | D:4      | Mangled by an orc warrior

Illustrated notes

Levels and vault maps discovered:
D:1:      dpeg_arrival_round_c, layout_basic
D:2:      layout_loops_ring, serial_undead, serial_undead_a, serial_undead_a,
          serial_undead_d, serial_undead_b, serial_undead_f, serial_undead_d,
          serial_undead_c
D:3:      layout_basic, uniq_grinder
D:4:      layout_rooms, mainiacjoe_overflow_surrounded_room,
          mainiacjoe_overflow_catch_the_wave, minmay_temple_entry_crystal_x
Temple:   eino_temple_scatter_basement

Skill      XL: |  1  2  3  4  5  6  7 |
---------------+----------------------+-----
Axes           | 2 3 4 5 |  5.0
Shields        | 3 4 |  4.3
Armour         | 3 4 |  4.0
Fighting       | |  3.9

Action                   |  1- 3 |  4- 6 |  7- 9 || total
-------------------------+-------+-------+-------++-------
Melee: War axe           |    96 |    89 |     4 ||   189
       Headbutt          |    13 |    18 |     2 ||    33
Throw: Javelin           |       |     5 |       ||     5
       Dart              |       |     4 |       ||     4
  Use: Scroll            |       |     2 |       ||     2
       Potion            |       |       |     1 ||     1
Armor: Scale mail        |    48 |    34 |     1 ||    83
Dodge: Dodged            |    56 |    49 |     3 ||   108
Block: Buckler           |    29 |    42 |     2 ||    73

Table legend: (Time is in decaauts)
 A = Elapsed time spent in this place.
 B = Non-inter-level travel time spent in this place.
 C = Inter-level travel time spent in this place.
 D = Time resting spent in this place.
 E = Time spent auto-exploring this place.
 F = Levels seen in this place.
 G = Mean time per level.
                   A        B        C        D        E       F      G
               +--------+--------+--------+--------+--------+-----+--------+
         Total |   4871 |   4332 |    539 |    880 |   2688 |   5 |  974.2 |
       Dungeon |   4618 |   4116 |    502 |    880 |   2489 |   4 | 1154.5 |
        Temple |    252 |    215 |     37 |      0 |    199 |   1 |  252.0 |
               +--------+--------+--------+--------+--------+-----+--------+

Top non-repeatable levels by time:
     D:3: 1942 daAuts
     D:2: 1183 daAuts
     D:1: 981 daAuts
     D:4: 511 daAuts
  Temple: 252 daAuts
